[Event "Titled Tuesday Blitz August 15 Early 2023"]
[White "Indjic, Aleksandar"]
[Black "Klukin, Kirill"]
[WhiteFideId "911925"]
[BlackFideId "24199273"]
[WhiteElo "3018"]
[BlackElo "2817"]
[Result "1/2-1/2"]
[Round "7"]
[TimeControl "180+1"]
[Date "2023.08.15"]
[WhiteClock "0:00:47"]
[BlackClock "0:00:06"]
[Board "22"]

1. e4 c5 2. Nf3 g6 3. c3 Bg7 4. d4 cxd4 5. cxd4 d5 6. e5 a6 7. h3 Nc6 8. Bd3 f6 9. exf6 Nxf6 10. O-O O-O 11. Nc3 Nh5 12. Be3 Nf4 13. Re1 Nxd3 14. Qxd3 Bxh3 15. Bg5 Bg4 16. Ne5 Nxe5 17. dxe5 h6 18. Bxh6 Bf5 19. Qd2 e6 20. Ne2 Rc8 21. Nd4 Rc4 22. Bxg7 Kxg7 23. b3 Rc8 24. Rac1 Qh4 25. Rxc8 Rxc8 26. f3 Rh8 27. Kf1 Qg3 28. Ke2 Rh2 29. Kd1 Rxg2 30. Qc1 Rg1 31. Qe3 Rxe1+ 32. Qxe1 Qg2 33. Qc3 Qf1+ 34. Kd2 Qf2+ 35. Kd1 Qxa2 36. Qe3 Qb1+ 37. Kd2 Qb2+ 38. Ke1 Qb1+ 39. Kf2 Qd3 40. Qf4 Qc3 41. Qh4 Qb2+ 42. Kg3 Qc1 43. Qf6+ Kh7 44. Qe7+ Kh6 45. Nxf5+ exf5 46. Qh4+ Kg7 47. Qf6+ Kh7 48. e6 Qe1+ 49. Kf4 Qd2+ 50. Kg3 Qe1+ 51. Kg2 Qe2+ 52. Kg3 Qe1+ 1/2-1/2


[Site "https://www.chess.com"]

[Event "Titled Tuesday Blitz August 15 Early 2023"]
[White "Molina, Roberto Junio Brito"]
[Black "Paravyan, David"]
[WhiteFideId "2109450"]
[BlackFideId "4194985"]
[WhiteElo "2807"]
[BlackElo "2998"]
[Result "0-1"]
[Round "7"]
[TimeControl "180+1"]
[Date "2023.08.15"]
[WhiteClock "0:00:00"]
[BlackClock "0:00:03"]
[Board "23"]

1. d4 d5 2. c4 e6 3. Nc3 Nf6 4. cxd5 Nxd5 5. e4 Nxc3 6. bxc3 c5 7. Nf3 cxd4 8. cxd4 Bb4+ 9. Bd2 Bxd2+ 10. Qxd2 O-O 11. Bc4 Nd7 12. O-O b6 13. Rfe1 Bb7 14. Rad1 Nf6 15. Qf4 Rc8 16. Bb3 Qc7 17. Qh4 h6 18. d5 exd5 19. e5 Ne4 20. Bxd5 Nc3 21. Bxb7 Qxb7 22. Rd2 Rfe8 23. Qf4 Qa6 24. h4 Qc4 25. Qxc4 Rxc4 26. g3 Ra4 27. Ra1 b5 28. Kg2 b4 29. Rb2 a5 30. g4 Rc8 31. Kg3 Rc4 32. Nd2 Rd4 33. Nb3 Rd3+ 34. Kf4 Ra3 35. g5 h5 36. g6 fxg6 37. e6 Kf8 38. Ke5 Ke7 39. Nd4 Rxd4 40. Kxd4 Kxe6 41. Rg1 Kf6 42. Kc4 Nxa2 43. Rd2 Rc3+ 44. Kb5 b3 45. Kxa5 Rc2 46. Rd6+ Ke5 47. Rb6 Nc1 48. Rgxg6 b2 49. Rxg7 Nd3 50. Rg5+ Ke4 51. Rxh5 Rc1 52. Rxb2 Nxb2 53. Rh8 Nd3 54. h5 Rh1 55. h6 Ne5 56. Kb5 Nf7 57. Rf8 Kf5 58. Rxf7+ Kg6 59. Rf3 Kxh6 60. Kc4 Kg5 61. Kd5 Re1 62. Kd4 Kg4 63. Re3 Rf1 0-1


[Site "https://www.chess.com"]

[Event "Titled Tuesday Blitz August 15 Early 2023"]
[White "Andreikin, Dmitry"]
[Black "Cherniaiev, Tykhon"]
[WhiteFideId "4158814"]
[BlackFideId "14182360"]
[WhiteElo "2994"]
[BlackElo "2799"]
[Result "1-0"]
[Round "7"]
[TimeControl "180+1"]
[Date "2023.08.15"]
[WhiteClock "0:00:24"]
[BlackClock "0:00:05"]
[Board "24"]

1. d4 Nf6 2. c4 e6 3. Nf3 d5 4. Nc3 Be7 5. Bf4 O-O 6. e3 b6 7. Rc1 Bb7 8. a3 Nbd7 9. cxd5 exd5 10. Bd3 c6 11. O-O Re8 12. h3 Nf8 13. Ne5 Ng6 14. Bh2 Bd6 15. f4 a6 16. e4 dxe4 17. Nxe4 Nxe4 18. Bxe4 Rc8 19. Qb3 Bxe5 20. fxe5 Qxd4+ 21. Kh1 Qxe4 22. Qxf7+ Kh8 23. Rce1 Qc2 24. Qxb7 Nh4 25. Rg1 Qb3 26. e6 h6 27. Be5 Nf5 28. Rgf1 Ng3+ 29. Kg1 Rg8 30. Bxg7+ Rxg7 31. Qxc8+ Kh7 32. Rf8 Ne2+ 33. Kh1 Ng3+ 34. Kh2 Nf1+ 35. Kg1 Rxg2+ 36. Kxg2 Qg3+ 37. Kxf1 Qxh3+ 38. Ke2 Qg2+ 39. Kd1 Qd5+ 40. Kc1 Qc4+ 41. Kb1 Qd3+ 42. Ka1 Qd2 43. Rf7+ Kg6 44. Qg8+ Kh5 45. Rh1+ Qh2 46. Rxh2# 1-0


[Site "https://www.chess.com"]

[Event "Titled Tuesday Blitz August 15 Early 2023"]
[White "Bersamina, Paulo"]
[Black "Chigaev, Maksim"]
[WhiteFideId "5206995"]
[BlackFideId "4108116"]
[WhiteElo "2763"]
[BlackElo "2944"]
[Result "0-1"]
[Round "7"]
[TimeControl "180+1"]
[Date "2023.08.15"]
[WhiteClock "0:00:00"]
[BlackClock "0:00:25"]
[Board "25"]

1. e4 c5 2. Nc3 d6 3. d4 cxd4 4. Qxd4 Nc6 5. Qd2 g6 6. b3 Bh6 7. f4 Nf6 8. Bb2 e5 9. Nge2 O-O 10. O-O-O Ng4 11. Re1 a5 12. a4 Be6 13. Kb1 Rc8 14. h3 Nf2 15. Rg1 Nb4 16. Qe3 Nxe4 17. Qxe4 Bf5 18. Qxb7 Bxc2+ 19. Ka1 Bxb3 20. Rc1 Bg7 21. f5 d5 22. Nb5 Rxc1+ 23. Nxc1 Bxa4 24. g4 Qg5 25. Nd6 Qe3 26. Rg2 Qe1 27. Bb5 e4 28. Kb1 Bxb5 29. Qxb5 Nd3 30. Rc2 Bxb2 31. fxg6 hxg6 32. Nxf7 Bxc1 33. Nh6+ Bxh6+ 0-1


[Site "https://www.chess.com"]

[Event "Titled Tuesday Blitz August 15 Early 2023"]
[White "Kosteniuk, Alexandra"]
[Black "Demidov, Mikhail"]
[WhiteFideId "4128125"]
[BlackFideId "4197143"]
[WhiteElo "2747"]
[BlackElo "2932"]
[Result "0-1"]
[Round "7"]
[TimeControl "180+1"]
[Date "2023.08.15"]
[WhiteClock "0:00:24"]
[BlackClock "0:00:32"]
[Board "26"]

1. c4 g6 2. d4 Bg7 3. Nc3 d6 4. h4 h6 5. g3 Nf6 6. Bg2 Nc6 7. Nf3 O-O 8. h5 g5 9. Nd5 Nxd5 10. cxd5 Nb4 11. Qb3 c5 12. a3 Na6 13. dxc5 Nxc5 14. Qd1 Bf5 15. O-O Rc8 16. Be3 Bxb2 17. Bd4 Bxa1 18. Bxa1 Be4 19. Qd4 f6 20. Nxg5 Bxg2 21. Ne6 Nxe6 22. dxe6 Bxf1 23. Qg4+ Kh8 24. Qg6 Qe8 25. Qxh6+ Kg8 26. Kxf1 Rc5 27. g4 Rg5 28. f3 Qb5 29. Bd4 Rc8 0-1


[Site "https://www.chess.com"]

[Event "Titled Tuesday Blitz August 15 Early 2023"]
[White "Galchenko, Matvey"]
[Black "Dimitrov, Atanas"]
[WhiteFideId "24175480"]
[BlackFideId "2901315"]
[WhiteElo "2898"]
[BlackElo "2737"]
[Result "1-0"]
[Round "7"]
[TimeControl "180+1"]
[Date "2023.08.15"]
[WhiteClock "0:00:14"]
[BlackClock "0:00:00"]
[Board "27"]

1. f4 Nf6 2. Nf3 d5 3. g3 c5 4. Bg2 Nc6 5. O-O g6 6. d3 Bg7 7. Nc3 d4 8. Na4 Qd6 9. c4 O-O 10. a3 Ng4 11. Rb1 Ne3 12. Bxe3 dxe3 13. Nc3 Bf5 14. Nd5 Bd4 15. b4 Rab8 16. b5 Na5 17. Qc1 b6 18. Ng5 Bg4 19. Re1 e6 20. Nxe3 e5 21. Kh1 exf4 22. Nxg4 fxg3 23. Ne4 Qe6 24. Qh6 Qxg4 25. h3 Qh5 26. Qxh5 gxh5 27. e3 Be5 28. Rf1 f5 29. Ng5 Rf6 30. Bd5+ Kg7 31. d4 Bd6 32. e4 fxe4 33. Rxf6 Kxf6 34. Nxe4+ Ke7 35. Rf1 Bc7 36. Rf7+ Kd8 37. dxc5 bxc5 38. Nxc5 Bb6 39. Ne6+ Ke8 40. Rf8+ Ke7 41. Rxb8 h4 42. c5 Bc7 43. Nxc7 1-0


[Site "https://www.chess.com"]

[Event "Titled Tuesday Blitz August 15 Early 2023"]
[White "Goltsev, Dmitry"]
[Black "Ozen, Deniz"]
[WhiteFideId "24176710"]
[BlackFideId "6349196"]
[WhiteElo "2654"]
[BlackElo "2856"]
[Result "1/2-1/2"]
[Round "7"]
[TimeControl "180+1"]
[Date "2023.08.15"]
[WhiteClock "0:00:05"]
[BlackClock "0:00:23"]
[Board "28"]

1. e4 e5 2. Nf3 Nf6 3. Nxe5 d5 4. exd5 Qxd5 5. d4 Nc6 6. Nc3 Bb4 7. Be3 Nxe5 8. dxe5 Qxe5 9. Qd4 Qa5 10. a3 Bxc3+ 11. Qxc3 Qxc3+ 12. bxc3 O-O 13. O-O-O Be6 14. Be2 Rad8 15. Rxd8 Rxd8 16. Bxa7 b6 17. Rd1 Rf8 18. Bf3 Bg4 19. c4 Bxf3 20. gxf3 h5 21. c5 Ra8 22. cxb6 cxb6 23. Bxb6 Rxa3 24. Be3 Kh7 25. Kb2 Ra4 26. Rd4 Ra5 27. c4 Kg6 28. Kb3 Kf5 29. c5 Ke6 30. Rd6+ Ke7 31. Kb4 Ra2 32. Rd2 Rxd2 33. Bxd2 Kd7 34. Kb5 Nd5 35. c6+ Kd6 36. Ba5 g5 37. Bd8 g4 38. fxg4 hxg4 39. Ba5 f5 40. c7 Kd7 41. Kc5 Nf6 42. Kd4 Nh5 43. Ke5 f4 44. Kf5 g3 45. fxg3 fxg3 46. h4 g2 47. Bb6 Ng7+ 48. Kg4 Kc8 49. Kf3 g1=Q 50. Bxg1 Kxc7 51. Bd4 Ne6 52. Be5+ Kd7 53. Ke4 Ke7 54. Kf5 Kf7 55. Bf6 Ng7+ 56. Ke5 Nh5 57. Bg5 Kg6 58. Ke6 Ng7+ 59. Kd5 Nh5 60. Ke4 Ng7 61. Kf4 Nh5+ 62. Kg4 Ng7 63. Be3 Nh5 64. Bd4 Ng7 65. Bc3 Nh5 66. Kf3 Kf5 67. Bh8 Nf4 68. Kg3 Ng6 69. Bd4 Nxh4 1/2-1/2


[Site "https://www.chess.com"]

[Event "Titled Tuesday Blitz August 15 Early 2023"]
[White "Nakamura, Hikaru"]
[Black "Papasimakopoulos, Alexandros"]
[WhiteFideId "2016192"]
[BlackFideId "4244125"]
[WhiteElo "3239"]
[BlackElo "2692"]
[Result "1/2-1/2"]
[Round "7"]
[TimeControl "180+1"]
[Date "2023.08.15"]
[WhiteClock "0:00:18"]
[BlackClock "0:00:11"]
[Board "29"]

1. Nf3 d5 2. b3 Bf5 3. e3 e6 4. c4 Nf6 5. Bb2 Be7 6. Nc3 O-O 7. cxd5 exd5 8. d4 Ne4 9. a3 c6 10. Be2 Nxc3 11. Bxc3 Nd7 12. O-O Re8 13. b4 a6 14. a4 b5 15. a5 Bd6 16. Nd2 Qh4 17. g3 Qh3 18. Re1 Nf6 19. Bf1 Qh6 20. Bg2 Bh3 21. Rc1 Bxg2 22. Kxg2 Re6 23. Nf1 Bf8 24. f3 Ne8 25. Bd2 Rc8 26. e4 Qf6 27. e5 Qg6 28. Bc3 Re7 29. f4 f5 30. Ne3 Nc7 31. g4 fxg4 32. f5 Qg5 33. Qxg4 Qxg4+ 34. Nxg4 h5 35. Ne3 Rf7 36. h4 g6 37. fxg6 Rg7 38. Nf5 Rxg6+ 39. Kh3 Ne6 40. Bd2 Kh7 41. Rg1 Rc7 42. Rg3 Rxg3+ 43. Kxg3 Kg6 44. Ne3 Nxd4 45. Nxd5 Rd7 46. Nf4+ Kf5 47. Rf1 Ke4 48. e6 Rd8 49. Bc3 Nf5+ 50. Kh3 Be7 51. Ng6 Rd3+ 52. Kh2 Rxc3 53. Rf4+ Kd5 54. Rxf5+ Kxe6 55. Rxh5 Bxb4 56. Nf4+ Kd6 57. Rf5 Bxa5 58. h5 Re3 59. h6 Bc3 60. Rf8 Be5 61. Kg2 Bxf4 62. Rxf4 Re7 63. Rg4 Rh7 64. Rg6+ Kd5 65. Kf3 a5 66. Ke3 b4 67. Kd3 Kc5 68. Rg5+ Kb6 69. Rh5 a4 70. Kc4 c5 71. Rh2 a3 72. Kb3 Kb5 73. Rh5 Kb6 74. Rh1 Kc6 75. Rh2 Kd5 76. Rh5+ Kd4 77. Rh4+ Kd3 78. Rh3+ Ke4 79. Rh5 Kd4 80. Rh4+ Kd3 81. Rh3+ Ke4 82. Rh5 c4+ 83. Kxb4 a2 84. Ra5 Rxh6 85. Kxc4 a1=Q 86. Rxa1 Rc6+ 87. Kb5 Rc8 88. Re1+ Kd5 89. Kb4 Kd4 90. Rd1+ Ke4 91. Rh1 Kd4 92. Kb3 Kd3 93. Rh3+ Kd4 94. Rh7 Rd8 95. Rh1 Rc8 96. Re1 Kd3 97. Rd1+ Ke3 98. Rd7 Ke4 99. Rh7 Ke3 100. Rh4 Kf3 101. Rh6 Ke4 102. Rb6 Kd3 103. Rd6+ Ke3 104. Rd7 Ke4 105. Kb4 Ke3 106. Kb5 Ke4 107. Kb6 Rc1 108. Rh7 Kd5 109. Rh5+ Kd4 110. Rh6 Ke4 111. Rh2 Ke5 112. Rh8 Kd5 113. Rd8+ Ke5 114. Re8+ Kd6 115. Rd8+ Ke6 116. Rd2 Ke5 117. Kb5 Ke6 118. Kb4 Ke5 119. Kb3 Ke4 120. Kb2 Rc8 121. Rd7 Ke3 122. Kb3 1/2-1/2


[Site "https://www.chess.com"]

[Event "Titled Tuesday Blitz August 15 Early 2023"]
[White "Kushko, Dmitriy"]
[Black "So, Wesley"]
[WhiteFideId "14162261"]
[BlackFideId "5202213"]
[WhiteElo "2689"]
[BlackElo "3117"]
[Result "0-1"]
[Round "7"]
[TimeControl "180+1"]
[Date "2023.08.15"]
[WhiteClock "0:00:02"]
[BlackClock "0:00:06"]
[Board "30"]

1. Nf3 d5 2. g3 c5 3. Bg2 f6 4. c4 d4 5. O-O Nc6 6. d3 e5 7. a3 Nge7 8. e3 a5 9. exd4 cxd4 10. Nbd2 Ng6 11. Ne4 f5 12. Ned2 Be7 13. Re1 O-O 14. h4 Qc7 15. h5 Nh8 16. Rb1 Nf7 17. Nf1 Bd7 18. Bd2 a4 19. Bc1 Rfe8 20. b4 axb3 21. Qxb3 Na5 22. Qb6 Qxb6 23. Rxb6 Bc5 24. Rb1 e4 25. dxe4 fxe4 26. N3d2 e3 27. fxe3 dxe3 28. Ne4 Rxe4 29. Bxe4 e2+ 30. Ne3 Re8 31. Bxb7 Nxc4 32. Rxe2 Nxe3 33. Bxe3 Bxe3+ 34. Kh1 Bg4 35. Ree1 Kf8 36. Rb3 Bc5 37. Rxe8+ Kxe8 38. Bf3 Be6 39. Rb8+ Ke7 40. a4 Ne5 41. Be4 h6 42. a5 Nd7 43. Rb7 Kd6 44. a6 Nf6 45. Bf3 Bc8 46. Rxg7 Bxa6 47. Rg6 Ke5 48. Rxh6 Bc4 49. Rh8 Kf5 50. Kg2 Be3 51. g4+ Kg5 52. h6 Kg6 53. Rc8 Be6 54. Rc6 Bf7 55. Be4+ Kg5 56. Bf5 Bd5+ 57. Kg3 Bxc6 58. h7 Bf4+ 59. Kh3 Nxh7 60. Bxh7 Be5 61. Bf5 Bd5 62. Bd7 Bf3 63. Bf5 Bf4 64. Bd7 Bd5 65. Bf5 Bc6 66. Be6 Bb7 67. Bf5 Bf3 68. Bc8 Be5 69. Bf5 Bd5 70. Bd7 Kf4 71. Bf5 Bf6 72. Bd7 Bg5 73. Bf5 Kf3 74. Bd7 Kf2 75. Bf5 Bg2+ 0-1


[Site "https://www.chess.com"]

[Event "Titled Tuesday Blitz August 15 Early 2023"]
[White "Drygalov, Sergey"]
[Black "Kleiman, Jake"]
[WhiteFideId "24171743"]
[BlackFideId "2020041"]
[WhiteElo "2986"]
[BlackElo "2664"]
[Result "1-0"]
[Round "7"]
[TimeControl "180+1"]
[Date "2023.08.15"]
[WhiteClock "0:00:54"]
[BlackClock "0:00:13"]
[Board "31"]

1. d4 Nf6 2. c4 e6 3. Nf3 Bb4+ 4. Nbd2 O-O 5. a3 Be7 6. e4 d5 7. e5 Nfd7 8. Bd3 c5 9. Qc2 h6 10. O-O Nc6 11. Re1 a5 12. cxd5 exd5 13. dxc5 Nxc5 14. Nb3 Nxd3 15. Qxd3 Be6 16. Nbd4 Rc8 17. Bxh6 Nxd4 18. Nxd4 Bg5 19. Bxg5 Qxg5 20. g3 Bh3 21. f4 Qh5 22. Rac1 Rfe8 23. Qf3 Qh7 24. Rc3 Rxc3 25. bxc3 Rc8 26. f5 Qh6 27. Qe3 Qh5 28. e6 Bxf5 29. exf7+ Qxf7 30. Rf1 g6 31. Qg5 Kh7 32. Nxf5 gxf5 33. Rxf5 Qe6 34. Qh4+ Kg7 35. Rg5+ Kf7 36. Qh7+ Ke8 37. Rg8+ 1-0


[Site "https://www.chess.com"]

[Event "Titled Tuesday Blitz August 15 Early 2023"]
[White "Parkhov, Yair"]
[Black "Svane, Rasmus"]
[WhiteFideId "2813408"]
[BlackFideId "4657101"]
[WhiteElo "2660"]
[BlackElo "2976"]
[Result "0-1"]
[Round "7"]
[TimeControl "180+1"]
[Date "2023.08.15"]
[WhiteClock "0:00:14"]
[BlackClock "0:00:09"]
[Board "32"]

1. d4 d5 2. Nf3 e6 3. c4 a6 4. Bg5 Be7 5. Bxe7 Nxe7 6. e3 O-O 7. Nc3 Nd7 8. Qc2 Nf6 9. a3 b6 10. cxd5 Nexd5 11. Nxd5 Qxd5 12. Bc4 Qh5 13. Be2 c5 14. Ne5 Qg5 15. h4 Qf5 16. Bd3 Qh5 17. Be2 Qf5 18. Qxf5 exf5 19. Bf3 Rb8 20. O-O cxd4 21. exd4 Bb7 22. Nc6 Bxc6 23. Bxc6 Rfd8 24. Rfd1 Rd6 25. d5 Rbd8 26. Rac1 Kf8 27. Bb7 a5 28. Rc3 Ne4 29. Rc6 Ke7 30. f3 Rxc6 31. Bxc6 Nf6 32. Rd3 Kd6 33. Rb3 Kc5 34. Rb5+ Kd4 35. Rxb6 Nxd5 36. Bxd5 Rxd5 37. Rb7 g6 38. Kf2 h5 39. Rxf7 Kc4 40. Rb7 f4 41. b4 a4 42. b5 Rxb5 43. Rd7 Kb3 44. Rd3+ Ka2 45. g3 Rb2+ 46. Kg1 fxg3 47. f4 Rb3 48. Rd6 Kxa3 49. Rxg6 Kb2 50. f5 a3 51. Ra6 a2 52. f6 a1=Q+ 53. Rxa1 Kxa1 54. Kg2 Rb6 55. Kxg3 Rxf6 0-1


[Site "https://www.chess.com"]

[Event "Titled Tuesday Blitz August 15 Early 2023"]
[White "gmbenjaminbok"]
[Black "Iskusnyh, Sergei"]
[BlackFideId "4120027"]
[WhiteElo "2939"]
[BlackElo "2644"]
[Result "1-0"]
[Round "7"]
[TimeControl "180+1"]
[Date "2023.08.15"]
[WhiteClock "0:00:12"]
[BlackClock "0:00:15"]
[Board "33"]

1. d4 d5 2. c4 c6 3. cxd5 cxd5 4. Nf3 Nf6 5. Nc3 Nc6 6. Bf4 a6 7. Rc1 Bf5 8. e3 e6 9. Qb3 Ra7 10. Be2 Bd6 11. Bxd6 Qxd6 12. O-O Nd7 13. Na4 O-O 14. Nc5 Nxc5 15. Rxc5 Bg4 16. Qb6 Bxf3 17. Bxf3 Qb8 18. b4 Ra8 19. a3 Qa7 20. Qc7 Rac8 21. Qf4 Qb8 22. Qh4 Qd6 23. Rfc1 Ne7 24. Be2 g6 25. Qf6 Rc6 26. h4 h5 27. g4 hxg4 28. Bxg4 Qd8 29. h5 e5 30. Qxe5 gxh5 31. Rxc6 bxc6 32. Bxh5 Kh7 33. Kf1 Rg8 34. Bxf7 Rg7 35. Qh5# 1-0


[Site "https://www.chess.com"]

[Event "Titled Tuesday Blitz August 15 Early 2023"]
[White "Omorjan, Dejan"]
[Black "Demchenko, Anton"]
[WhiteFideId "955345"]
[BlackFideId "4160258"]
[WhiteElo "2643"]
[BlackElo "2903"]
[Result "0-1"]
[Round "7"]
[TimeControl "180+1"]
[Date "2023.08.15"]
[WhiteClock "0:00:02"]
[BlackClock "0:00:45"]
[Board "34"]

1. d4 Nf6 2. c4 e6 3. Nf3 b6 4. g3 Bb4+ 5. Bd2 c5 6. Bg2 Bb7 7. Bxb4 cxb4 8. a3 bxa3 9. Rxa3 O-O 10. Nc3 a5 11. O-O Na6 12. Re1 d5 13. Ne5 Rb8 14. cxd5 Nxd5 15. e4 Ndb4 16. Nb5 Qe7 17. Nc4 Rfd8 18. e5 Bxg2 19. Kxg2 Qd7 20. Ncd6 Nc7 21. Nxc7 Qxc7 22. Rc3 Qd7 23. Qf3 Nd5 24. Rc2 a4 25. Rec1 b5 26. h4 b4 27. h5 h6 28. Rh1 Ra8 29. g4 Qe7 30. Ne4 a3 31. bxa3 Rxa3 32. Qd1 Qb7 33. Kg1 Ne3 34. fxe3 Qxe4 35. Rh3 Rxe3 36. Rxe3 Qxe3+ 37. Kg2 Qe4+ 38. Kg1 Rxd4 39. Rc8+ Kh7 40. Qc2 Qxc2 41. Rxc2 Rxg4+ 42. Kf2 Rg5 0-1


[Site "https://www.chess.com"]

[Event "Titled Tuesday Blitz August 15 Early 2023"]
[White "Ovchinnikov, Vsevolod"]
[Black "Grigorjev, Iljya"]
[WhiteFideId "24176842"]
[BlackFideId "24159565"]
[WhiteElo "2640"]
[BlackElo "2899"]
[Result "0-1"]
[Round "7"]
[TimeControl "180+1"]
[Date "2023.08.15"]
[WhiteClock "0:00:08"]
[BlackClock "0:00:25"]
[Board "35"]

1. d4 Nf6 2. c4 g6 3. Nc3 d5 4. Nf3 Bg7 5. Bg5 Ne4 6. Bf4 O-O 7. e3 Bf5 8. Qb3 Nxc3 9. bxc3 c5 10. cxd5 cxd4 11. Nxd4 Be4 12. Bc4 Nd7 13. f3 Bf5 14. e4 Qa5 15. Bd2 Nc5 16. Qb5 Qxb5 17. Bxb5 Bc8 18. O-O a6 19. Be2 Bd7 20. Rfb1 Rac8 21. Kf2 e6 22. dxe6 fxe6 23. Rc1 Nxe4+ 24. Ke1 Nxd2 25. Kxd2 Bh6+ 26. Kd1 Bxc1 27. Rxc1 e5 28. Nb3 Be6 29. c4 Rfd8+ 30. Ke1 Rc7 31. Rc3 Rdc8 32. c5 Bxb3 33. Rxb3 a5 34. Bd3 Rxc5 35. Rxb7 R8c7 36. Rb8+ Kg7 37. Kd2 Rd5 38. Rb3 a4 39. Ra3 Rd4 40. Ke2 Rb7 41. Ke3 Rb2 42. g4 Rxh2 43. Be4 h5 44. gxh5 gxh5 45. f4 Rh3+ 46. Bf3 Rxf4 47. Ke2 Rhxf3 48. Rxf3 Rxf3 49. Kxf3 Kf6 50. Ke4 h4 51. Kf3 Kf5 52. a3 e4+ 53. Kg2 Kf4 54. Kh3 e3 0-1


[Site "https://www.chess.com"]

[Event "Titled Tuesday Blitz August 15 Early 2023"]
[White "Arias, Juan Cruz"]
[Black "He, Anthony"]
[WhiteFideId "118540"]
[BlackFideId "2088215"]
[WhiteElo "2640"]
[BlackElo "2898"]
[Result "1-0"]
[Round "7"]
[TimeControl "180+1"]
[Date "2023.08.15"]
[WhiteClock "0:00:16"]
[BlackClock "0:00:26"]
[Board "36"]

1. d4 Nf6 2. Nf3 g6 3. Nbd2 c5 4. dxc5 Bg7 5. a3 Na6 6. c4 Nxc5 7. e3 O-O 8. Ra2 a5 9. b3 Nfe4 10. Bb2 Nc3 11. Qa1 Nxa2 12. Bxg7 Re8 13. Bb2 d5 14. Qxa2 Bf5 15. Be2 Nd3+ 16. Bxd3 Bxd3 17. Ne5 dxc4 18. bxc4 f6 19. c5+ e6 20. Ng4 Ba6 21. Nxf6+ Kf7 22. Nxe8 Qxe8 23. Qb3 Rd8 24. Qc3 Qb5 25. Kd1 Rd3 26. Qf6+ Ke8 27. Qxe6+ Kd8 28. Qb6+ Qxb6 29. cxb6 Rd6 30. Bd4 Bd3 31. Nf3 Be4 32. Kd2 Rd5 33. Rc1 Rb5 34. Kc3 a4 35. Nd2 Bxg2 36. f3 Rh5 37. Kd3 Rxh2 38. Rc7 Bh3 39. Rxb7 Bc8 40. Rg7 Ba6+ 41. Kc3 Rh1 42. Ne4 Rb1 43. Nd6 Rb3+ 44. Kc2 Bd3+ 45. Kd2 1-0


[Site "https://www.chess.com"]

[Event "Titled Tuesday Blitz August 15 Early 2023"]
[White "Moskalenko, Alexander"]
[Black "Huschenbeth, Niclas"]
[WhiteFideId "4155351"]
[BlackFideId "24604747"]
[WhiteElo "2892"]
[BlackElo "2639"]
[Result "1/2-1/2"]
[Round "7"]
[TimeControl "180+1"]
[Date "2023.08.15"]
[WhiteClock "0:00:46"]
[BlackClock "0:00:41"]
[Board "37"]

1. c4 Nf6 2. Nc3 e5 3. Nf3 e4 4. Ng5 c6 5. Ngxe4 Nxe4 6. Nxe4 d5 7. cxd5 cxd5 8. Ng3 h5 9. e3 h4 10. Ne2 Nc6 11. d4 Qf6 12. Nc3 Bd6 13. Nxd5 Qg6 14. h3 Bf5 15. Bd2 O-O-O 16. Rc1 Kb8 17. Rxc6 bxc6 18. Qb3+ Ka8 19. Qa4 cxd5 20. Qc6+ Kb8 21. Ba6 Bc8 22. Qb5+ Ka8 23. Qxd5+ Kb8 24. Qb5+ Ka8 25. Qc6+ Kb8 26. Qb5+ Ka8 27. Qc6+ Kb8 28. Qb5+ 1/2-1/2


[Site "https://www.chess.com"]

[Event "Titled Tuesday Blitz August 15 Early 2023"]
[White "Eynullayev, Atilla"]
[Black "Bernadskiy, Vitaliy"]
[WhiteFideId "13413570"]
[BlackFideId "14100371"]
[WhiteElo "2637"]
[BlackElo "2858"]
[Result "1-0"]
[Round "7"]
[TimeControl "180+1"]
[Date "2023.08.15"]
[WhiteClock "0:00:15"]
[BlackClock "0:00:28"]
[Board "38"]

1. d4 Nf6 2. c4 g6 3. Nc3 d5 4. cxd5 Nxd5 5. e4 Nxc3 6. bxc3 Bg7 7. Nf3 O-O 8. Be2 c5 9. O-O Nd7 10. Re1 Nf6 11. Bf1 Bg4 12. Bb2 Qb6 13. Rb1 Qa5 14. h3 Bxf3 15. Qxf3 Qxa2 16. e5 Nd5 17. c4 Nb6 18. dxc5 Nxc4 19. Qd5 Qa5 20. Qxc4 e6 21. Bd4 Qc7 22. Qb5 Rfd8 23. Be3 Rab8 24. g3 Bxe5 25. Bg2 Rd7 26. Kh2 h5 27. h4 Qd8 28. Kg1 Bc3 29. Rec1 Be5 30. c6 bxc6 31. Qxc6 Rxb1 32. Rxb1 a5 33. Qb5 Bc3 34. Rc1 Rd1+ 35. Rxd1 Qxd1+ 36. Kh2 a4 37. Bc5 Qb3 38. Qe8+ Kg7 39. Qf8+ Kf6 40. Be7+ Ke5 41. Qxf7 Kd4 42. Qf4+ Kd3 43. Qe4+ Kd2 44. Bg5+ Kd1 45. Bf3# 1-0


[Site "https://www.chess.com"]

[Event "Titled Tuesday Blitz August 15 Early 2023"]
[White "Kukhmazov, Arsen"]
[Black "Sipila, Vilka"]
[WhiteFideId "24108260"]
[BlackFideId "505455"]
[WhiteElo "2845"]
[BlackElo "2635"]
[Result "1-0"]
[Round "7"]
[TimeControl "180+1"]
[Date "2023.08.15"]
[WhiteClock "0:00:07"]
[BlackClock "0:00:15"]
[Board "39"]

1. d4 d5 2. Nf3 Nf6 3. c4 dxc4 4. e3 e6 5. Bxc4 c5 6. O-O Nc6 7. dxc5 Bxc5 8. Qxd8+ Kxd8 9. a3 a6 10. b4 Bd6 11. Bb2 b5 12. Be2 Bb7 13. Nbd2 Ke7 14. Nb3 Rac8 15. Rac1 Rc7 16. Nc5 Rhc8 17. Nxb7 Rxb7 18. Rc2 Rbc7 19. Rfc1 Ne8 20. Kf1 f6 21. Bd3 g6 22. Be4 Nd8 23. Rxc7+ Rxc7 24. Rxc7+ Nxc7 25. h4 e5 26. Bc2 Nd5 27. h5 gxh5 28. Bxh7 Nb6 29. Nd2 h4 30. Ke2 Ke6 31. Bg8+ Kf5 32. e4+ Kg4 33. Nf1 Nc6 34. Ne3+ Kf4 35. Kd3 h3 36. gxh3 Kf3 37. h4 Bf8 38. h5 Ne7 39. Be6 Kxf2 40. Ng4+ Kf3 41. Nxf6 Kf4 42. h6 Kg5 43. Nh7+ Kxh6 44. Nxf8 Kg7 45. Nd7 Na4 46. Bxe5+ Kg6 47. Nc5 Nc6 48. Ba1 Nb6 49. Bb3 a5 50. Bc3 axb4 51. axb4 Kg5 52. e5 Kf5 53. Be6+ Kf4 54. Nd7 Nxd7 55. Bxd7 Nxb4+ 56. Bxb4 Kxe5 57. Bxb5 Kd5 58. Bc4+ Ke5 59. Bc5 Kf4 60. Bd4 Kf5 61. Bd5 Kf4 62. Be4 Kg3 63. Be3 Kg4 64. Kd4 Kg3 65. Ke5 Kg4 66. Bf4 Kh3 67. Bf3 Kh4 68. Kf5 Kh3 69. Ke4 Kh4 70. Ke3 Kh3 71. Kf2 Kh4 72. Be2 Kh3 73. Bg5 Kh2 74. Bg4 Kh1 75. Bd8 Kh2 76. Bc7+ Kh1 77. Bf3# 1-0


[Site "https://www.chess.com"]

[Event "Titled Tuesday Blitz August 15 Early 2023"]
[White "Ezat, Mohamed"]
[Black "Nenezic, Marko"]
[WhiteFideId "10600906"]
[BlackFideId "912123"]
[WhiteElo "2626"]
[BlackElo "2834"]
[Result "0-1"]
[Round "7"]
[TimeControl "180+1"]
[Date "2023.08.15"]
[WhiteClock "0:00:00"]
[BlackClock "0:00:12"]
[Board "40"]

1. d4 Nf6 2. c4 g6 3. Nc3 Bg7 4. e4 O-O 5. Be2 d6 6. Bg5 h6 7. Be3 c5 8. d5 e6 9. Qd2 exd5 10. exd5 Kh7 11. h3 b5 12. cxb5 Nbd7 13. Nf3 Bb7 14. Bf4 Nb6 15. O-O Nbxd5 16. Nxd5 Nxd5 17. Bg3 f5 18. Bc4 Nb6 19. Be2 d5 20. Be5 Qe7 21. Bxg7 Qxg7 22. Rac1 Rac8 23. b4 c4 24. Nd4 Na4 25. Ne6 Qb2 26. Nxf8+ Rxf8 27. Qe3 Rf7 28. Bf3 Qxb4 29. Qxa7 c3 30. Rfd1 Nb2 31. Rf1 Nd3 32. Rc2 Ne5 33. Qe3 Nxf3+ 34. Qxf3 d4 35. Qg3 Be4 36. Re2 d3 37. Re3 Rd7 38. f3 Bb7 39. Qb8 d2 40. Re8 Qd4+ 41. Kh2 c2 42. Rf2 d1=Q 43. Rxc2 Qxc2 0-1


[Site "https://www.chess.com"]

[Event "Titled Tuesday Blitz August 15 Early 2023"]
[White "SmirnovAlexandrA"]
[Black "Salinas Herrera, Pablo"]
[BlackFideId "3407128"]
[WhiteElo "2622"]
[BlackElo "2824"]
[Result "1-0"]
[Round "7"]
[TimeControl "180+1"]
[Date "2023.08.15"]
[WhiteClock "0:00:06"]
[BlackClock "0:00:05"]
[Board "41"]

1. e4 c5 2. Nf3 e6 3. g3 Nc6 4. Bg2 Nf6 5. d3 d5 6. Qe2 Be7 7. O-O O-O 8. e5 Nd7 9. c4 d4 10. h4 Rb8 11. Bf4 a6 12. a4 b5 13. axb5 axb5 14. cxb5 Rxb5 15. Na3 Rb8 16. Nc4 Nb6 17. b3 Nd5 18. Ng5 Rxb3 19. Qh5 h6 20. Be4 f5 21. exf6 Nxf6 22. Qg6 hxg5 23. Bxc6 gxf4 24. h5 Nd5 25. h6 Bf6 26. Ra7 Ne7 27. Qg4 e5 28. Bd7 Bxd7 29. Rxd7 Qe8 30. Kg2 Qg6 31. Qe6+ Qf7 32. Qg4 Rxd3 33. Nd6 Qd5+ 34. Kg1 Qf3 35. Qe6+ Kh7 36. hxg7 Kxg7 37. Nf5+ Kg6 38. Nxe7+ Kg5 39. Qf5+ Kh6 40. Qg6# 1-0


[Site "https://www.chess.com"]